 Dungeon Crawl Stone Soup version 0.23-a0-808-gd21de94 (webtiles) character file.

81 Firecrotchwizard the Slasher (level 4, -4/24 HPs)
             Began as a Vine Stalker Monk on Jan 20, 2019.
             Slain by an iguana (7 damage)
             ... on level 2 of the Dungeon.
             The game lasted 00:03:25 (2047 turns).

Firecrotchwizard the Slasher (Vine Stalker Monk)    Turns: 2047, Time: 00:03:26

Health: -4/24      AC:  5    Str: 14    XL:     4   Next: 42%
Magic:  0/5        EV: 13    Int: 10    God:
Gold:   75         SH:  0    Dex: 17    Spells: 3/3 levels left

rFire    + . .     SeeInvis .   a - +0 falchion
rCold    . . .     Gourm    .   (no shield)
rNeg     . . .     Faith    .   b - +0 robe
rPois    .         Spirit   +   (no helmet)
rElec    .         Reflect  .   (no cloak)
rCorr    .         Harm     .   i - +0 pair of gloves
MR       .....                  k - +1 pair of boots
Stlth    ++........             (no amulet)
HPRegen  0.48/turn              h - ring of protection from fire {rF+, !d}
MPRegen  0.09/turn              (no ring)

@: no status effects
A: fangs 2, regeneration 1, magic shield, antimagic bite, no potion heal 3, rot
immunity
a: no special abilities


You were on level 2 of the Dungeon.
You were not hungry.

You visited 1 branch of the dungeon, and saw 2 of its levels.

You collected 75 gold pieces.

Inventory:

Hand Weapons
 a - a +0 falchion (weapon)
Armour
 b - a +0 robe (worn)
 i - a +0 pair of gloves (worn)
   (You found it on level 1 of the Dungeon)
 k - a +1 pair of boots (worn)
   (You found it on level 1 of the Dungeon)
Jewellery
 h - a ring of protection from fire (left hand) {rF+, !d}
   (You found it on level 1 of the Dungeon)
Scrolls
 j - 2 scrolls of magic mapping {unknown}
Potions
 d - 2 potions of degeneration {unknown}
 e - a potion of brilliance {unknown}
 f - 2 potions of curing {unknown}
 g - a potion of resistance {unknown}
 l - 2 potions of haste {unknown}
Comestibles
 c - 3 rations


   Skills:
 + Level 3.2 Fighting
 * Level 3.8 Long Blades
 + Level 1.3 Armour
 - Level 2.4 Dodging
 - Level 2.4 Stealth


You had 3 spell levels left.
You didn't know any spells.
Your spell library was empty.

Dungeon Overview and Level Annotations

Branches:
Dungeon (2/15)

Altars:

Annotations:
D:2 exclusion: gnoll


Innate Abilities, Weirdness & Mutations

You have extremely sharp teeth.
Your natural rate of healing is unusually fast.
When hurt, damage is shared between your health and your magic reserves.
Your bite disrupts and absorbs the magic of your enemies.
Potions cannot restore your health.
You are immune to rotting.


Message History

You closely miss the adder. You bite the adder, but do no damage.
The adder closely misses you.
You riposte.
You hit the adder. Your bite misses the adder. The adder bites you.
You are poisoned.
The adder poisons you!
You take 1 damage, and have 23/24 hp.
You hit the adder.
You kill the adder!
You feel sick.
You take 1 damage, and have 22/24 hp.
No target in view!
No target in view!
You start resting.
You feel sick.
You start resting.
Health restored: 24 You start waiting.
You feel sick.
You start waiting.
You feel sick.
You start waiting.
You feel sick.
You are no longer poisoned.
You take 1 damage, and have 23/24 hp.
You butcher the adder corpse.
m - 4 chunks of flesh {@w0} (gained 1)
You see here an adder skeleton. x2 3 gnolls come into view.
The gnoll shouts! x2
Health restored: 24
There are monsters nearby!
You barely miss the gnoll. Your bite misses the gnoll.
The gnoll hits you with a +0 whip!
You take 7 damage, and have 17/24 hp.
MASSIVE DAMAGE!!
You now have 4/5 mp.
You hit the gnoll. You bite the gnoll, but do no damage.
The gnoll barely misses you.
You hit the gnoll but do no damage. You bite the gnoll. You drain its power.
You feel invigorated. The gnoll closely misses you.
MP restored: 5 You closely miss the gnoll.
The gnoll closely misses you.
You riposte.
You barely miss the gnoll. You hit the gnoll.
You bite the gnoll, but do no damage. The gnoll hits you with a +0 whip!
You take 6 damage, and have 13/24 hp.
MASSIVE DAMAGE!!
You now have 3/5 mp.
You hit the gnoll but do no damage. You bite the gnoll, but do no damage.
The gnoll hits you but does no damage. The gnoll barely misses you.
You hit the gnoll. You bite the gnoll. You drain its power.
You feel invigorated. The gnoll barely misses you.
You riposte.
You hit the gnoll.
You kill the gnoll!
MP restored: 5 You see here a +0 whip.
There isn't anything to butcher here.
You start resting.
Health restored: 24
Found a stone staircase leading down.
You now have 75 gold pieces (gained 6).
There is a stone staircase leading down here.
There is a stone staircase leading down here.
Eating one of 4 chunks of flesh {@w0}.
You eat one of the 4 chunks of flesh {@w0}.
All of the chunks of flesh in your inventory have rotted away.
You see here 17 stones.
The iguana hisses angrily.
The iguana is too close now for your liking.
You hit the iguana but do no damage.
The iguana bites you but does no damage.
You hit the iguana but do no damage. You bite the iguana. You drain its power.
The iguana closely misses you.
You hit the iguana. The iguana bites you.
You take 1 damage, and have 23/24 hp.
You closely miss the iguana. The iguana bites you.
You take 3 damage, and have 20/24 hp.
You now have 4/5 mp.
You barely miss the iguana. You bite the iguana. You drain its power.
You feel invigorated. The iguana bites you.
You take 2 damage, and have 18/24 hp.
You are too injured to fight recklessly!
You are too injured to fight recklessly!
You are too injured to fight recklessly!
You are too injured to fight recklessly!
You are too injured to fight recklessly!
You hit the iguana. You bite the iguana, but do no damage.
The iguana bites you.
You take 4 damage, and have 14/24 hp.
You now have 3/5 mp.
You hit the iguana but do no damage. Your bite misses the iguana.
The iguana closely misses you.
You barely miss the iguana. Your bite misses the iguana. The iguana bites you.
You take 3 damage, and have 12/24 hp.
You hit the iguana. You bite the iguana, but do no damage.
The iguana bites you!
Ouch! That really hurt!
* * * LOW HITPOINT WARNING * * *
You take 11 damage, and have 1/24 hp.
MASSIVE DAMAGE!!
You now have 0/5 mp.
The iguana bites you!
You die...

#...#####..<#### #)..###
#...# .. ......# #...# .#
......# #...# .# ......#
#...####### .# ## #...###
#.........# .##..
#...#####...#####.## !.. .
.###...............###.##....
## ##...........@l........#
.###)........(.....###.###.#
#.#.#####.........## .# ##.##
#...####### .# #### #...# .#
# #...# .# # #...# .. #
#...##### ## # #.......#


You could see an iguana.

Vanquished Creatures
  A gnoll (D:2)
  3 adders (D:2)
  An ooze (D:2)
  3 dart slugs (D:1)
  A ball python (D:2)
  2 giant cockroaches (D:1)
  3 goblins
  4 hobgoblins
  3 jackals (D:2)
  6 bats
  7 kobolds
  A rat (D:1)
35 creatures vanquished.

Notes
Turn   | Place    | Note
-------+----------+-------------------------------------------
     0 | D:1      | Firecrotchwizard the Vine Stalker Monk began the quest for
                  | the Orb.
     0 | D:1      | Reached XP level 1. HP: 11/11 MP: 2/2
     2 | D:1      | Noticed a gargoyle
     2 | D:1      | Noticed an elf
     4 | D:1      | Noticed a minotaur
     6 | D:1      | Noticed a dwarf
     8 | D:1      | Noticed a draconian
     8 | D:1      | Noticed a demigod
    10 | D:1      | Noticed an octopode
    10 | D:1      | Noticed a halfling
    12 | D:1      | Noticed a formicid
    12 | D:1      | Noticed a tengu
    14 | D:1      | Noticed a spriggan
    14 | D:1      | Noticed a vampire
    16 | D:1      | Noticed an ogre
    18 | D:1      | Noticed a human
    18 | D:1      | Noticed a naga
    20 | D:1      | Noticed a troll
    20 | D:1      | Noticed a felid
    22 | D:1      | Noticed a merfolk
    22 | D:1      | Noticed a vine stalker
    24 | D:1      | Noticed a centaur
    24 | D:1      | Noticed a demonspawn
    26 | D:1      | Noticed a ghoul
   255 | D:1      | Reached skill level 3 in Long Blades
   255 | D:1      | Reached XP level 2. HP: 15/16 MP: 3/3
  1084 | D:2      | Reached skill level 3 in Fighting
  1085 | D:2      | Reached XP level 3. HP: 20/20 MP: 4/4
  1271 | D:2      | Reached skill level 1 in Armour
  1323 | D:2      | HP: 5/20 [adder (3)]
  1621 | D:2      | Gained mutation: Your natural rate of healing is unusually
                  | fast. [Vine Stalker growth]
  1621 | D:2      | Reached XP level 4. HP: 24/24 MP: 5/5
  2042 | D:2      | HP: 1/24 [iguana (12)]
  2047 | D:2      | Slain by an iguana

Vault maps used:
D:1:      kb_arrival_jail, bh_walls_and_bars

Skill      XL: |  1  2  3 |
---------------+----------+-----
Long Blades    | 3 |  3.8
Fighting       | 3 |  3.2
Armour         | 1 |  1.3
Dodging        | |  2.4
Stealth        | |  2.4

Action                   |  1- 3 |  4- 6 || total
-------------------------+-------+-------++-------
Melee: Falchion          |    68 |    29 ||    97
       Bite              |    21 |    14 ||    35
 Stab: Sleeping          |     3 |     1 ||     4
  Eat: Chunk             |     2 |     2 ||     4
Armor: Robe              |    11 |     4 ||    15
Dodge: Dodged            |    46 |    18 ||    64
       Rpst.: Falchion   |    16 |     7 ||    23

Table legend:
 A = Non-vault XP
 B = Vault XP
 C = Vault XP percentage of total XP
 D = Non-vault monster count
 E = Vault monster count
 F = Vault count percentage of total count
                 A         B        C        D         E       F
            +---------+---------+-------+---------+---------+-------
      Total |     117 |       0 |   0.0 |      35 |       0 |   0.0
            +---------+---------+-------+---------+---------+-------
        D:1 |      32 |       0 |   0.0 |      17 |       0 |   0.0
        D:2 |      85 |       0 |   0.0 |      18 |       0 |   0.0
            +---------+---------+-------+---------+---------+-------

Vault maps used:
D:1:      kb_arrival_jail, bh_walls_and_bars

Table legend:
 A = Turns spent in this place as a percentage of turns spent in the entire game.
 B = Non-inter-level travel turns spent in this place as a percentage of non-inter-level travel turns spent in the entire game.
 C = Inter-level travel turns spent in this place as a percentage of turns spent in this place.
 D = Turns resting spent in this place as a percentage of non-inter-level travel turns spent in this place.
 E = Turns spent auto-exploring this place as a percentage of non-inter-level travel turns spent in this place.
 F = Non-inter-level travel turns spent in this place divided by the number of levels of this place that you've seen.
                   A       B       C       D       E      F
               +-------+-------+-------+-------+-------+----------------------
         Total | 100.0 | 100.0 |   3.2 |  28.4 |  55.9 | 991.0
       Dungeon | 100.0 | 100.0 |   3.2 |  28.4 |  55.9 | 991.0
               +-------+-------+-------+-------+-------+----------------------

Table legend:
 A = Kills in this place as a percentage of kills in entire the game.
 B = Kills by you in this place as a percentage of kills by you in the entire game.
 C = Kills by friends in this place as a percentage of kills by friends in the entire game.
 D = Other kills in this place as a percentage of other kills in the entire game.
 E = Experience gained in this place as a percentage of experience gained in the entire game.
 F = Experience gained in this place divided by the number of levels of this place that you have seen.
                   A       B       C       D       E      F
               +-------+-------+-------+-------+-------+----------------------
         Total | 100.0 | 100.0 |   N/A |   N/A | 100.0 |  58.5
       Dungeon | 100.0 | 100.0 |   N/A |   N/A | 100.0 |  58.5
               +-------+-------+-------+-------+-------+----------------------
